 Dungeon Crawl Stone Soup version 0.24-a0-507-g3e8b242632 (webtiles) character file.

Game seed: 8654699374077240431

106 Gynju the Firebug (level 5, 0/37 HPs)
             Began as a Human Wanderer on July 19, 2019.
             Slain by Grinder (9 damage)
             ... while paralysed by Grinder
             ... on level 3 of the Dungeon.
             The game lasted 00:08:50 (2987 turns).

Gynju the Firebug (Human Wanderer)                  Turns: 2987, Time: 00:08:50

Health: 0/37       AC:  7    Str: 13    XL:     5   Next: 10%
Magic:  0/10       EV:  2    Int: 12    God:
Gold:   195        SH:  0    Dex: 13    Spells: 9/10 levels left

rFire    . . .     SeeInvis .   d - +0 short sword
rCold    . . .     Gourm    .   b - +0 buckler
rNeg     . . .     Faith    .   a - +0 ring mail
rPois    .         Spirit   +   h - +0 helmet
rElec    .         Reflect  .   g - +0 cloak
rCorr    .         Harm     .   (no gloves)
MR       .....                  (no boots)
Stlth    +.........             r - amulet of guardian spirit
HPRegen  0.12/turn              p - +1 ring of evasion
MPRegen  0.12/turn              (no ring)

@: paralysed, very slightly contaminated
A: no striking features
a: no special abilities


You were on level 3 of the Dungeon.
You were not hungry.

You visited 1 branch of the dungeon, and saw 3 of its levels.

You collected 195 gold pieces.

Inventory:

Hand Weapons
 d - a +0 short sword (weapon)
Missiles
 s - 50 stones (quivered)
Armour
 a - a +0 ring mail (worn)
 b - a +0 buckler (worn)
 g - a +0 cloak (worn)
 h - a +0 helmet (worn)
 i - a +0 leather armour
Jewellery
 e - an uncursed ring of flight
 k - an uncursed ring of ice
 p - a +1 ring of evasion (left hand)
 r - an amulet of guardian spirit (around neck)
Scrolls
 o - a scroll of enchant armour {unknown}
 q - 5 scrolls of identify {unknown}
 t - a scroll of noise {unknown}
 v - a scroll of teleportation {unknown}
Potions
 j - 2 potions of cancellation {unknown}
 l - 3 potions of curing
 m - a potion of haste {unknown}
 u - a potion of agility {unknown}
Comestibles
 f - 2 rations


   Skills:
 + Level 1.4 Fighting
 + Level 1.5 Dodging
 + Level 1.8 Shields
 + Level 3.4 Spellcasting
 + Level 1.4 Conjurations
 + Level 3.4 Fire Magic
   Level 2.0 Ice Magic
 - Level 1.0 Evocations


You had 9 spell levels left.
You knew the following spells:

 Your Spells              Type           Power        Failure   Level  Hunger
a - Flame Tongue          Conj/Fire      #....        26%         1    #......

Your spell library contained the following spells:

 Spells                   Type           Power        Failure   Level  Hunger
 Throw Flame              Conj/Fire      #.....       36%         2    ##.....
 Conjure Flame            Conj/Fire      #.......     58%         3    ###....
 Inner Flame              Hex/Fire       #.......     69%         3    ###....
 Sticky Flame             Conj/Fire      #.......     94%         4    #####..
 Fireball                 Conj/Fire      #.........   100%        5    ######.


Dungeon Overview and Level Annotations

Branches:
Dungeon (3/15)

Altars:
The Shining One

Annotations:
D:2 Sigmund
D:3 1 runed translucent door, 2 transporters, Crazy Yiuf; Grinder; anet's ghost, amateur DEWz


Message History

Grinder gestures at you. You resist with significant effort.
You see here a stone.
You closely miss the frilled lizard. The frilled lizard barely misses you.
You barely miss the frilled lizard.
Grinder blinks!
The frilled lizard barely misses you.
Your ring mail prevents you from hitting the frilled lizard.
The frilled lizard bites you.
Anet's ghost says very slowly, "There's no hope."
The shadow imp shouts, "Flee, thou ducking shard-borne pimple!"
You barely miss the frilled lizard. Grinder hits you but does no damage.
You block the frilled lizard's attack. Grinder gestures at you.
You suddenly lose the ability to move!
The frilled lizard bites you but does no damage.
Grinder hits you.
You writhe in agony.
* * * LOW HITPOINT WARNING * * *
The frilled lizard bites you but does no damage.
Grinder hits you!
You die...

##... ......
#.... ##..#.
......#
.......#####.#
##..##..(....#
.......@# #
##..#.5l####...
##.....?.......
...©.....######
########..#
8..)WS8##.#
......5g#.#
#.....#.#.#
.#...#..#.#


You could see Grinder, anet's ghost, an adder, a shadow imp, a goblin and a
frilled lizard.

Vanquished Creatures
  Jessica (D:2)
  An orc wizard (D:3)
  An adder (D:2)
  An ooze (D:2)
  A dart slug (D:2)
  2 leopard geckos (D:1)
  2 orcs
  5 bats
  A giant cockroach (D:1)
  A goblin (D:1)
  6 hobgoblins
  4 kobolds
  2 quokkas (D:2)
  3 frilled lizards
  5 rats
36 creatures vanquished.

Notes
Turn   | Place    | Note
-------+----------+-------------------------------------------
     0 | D:1      | Gynju the Human Wanderer began the quest for the Orb.
     0 | D:1      | Gynju set off with the following items: a +0 club, a +0
                  | buckler, a +0 robe, a ration; and the following spell
                  | memorised: Flame Tongue; and the following spells available
                  | to memorise: Throw Flame, Conjure Flame, Inner Flame,
                  | Sticky Flame, Fireball
     0 | D:1      | Reached XP level 1. HP: 13/13 MP: 4/4
   327 | D:1      | Reached XP level 2. HP: 11/20 MP: 6/6
  1026 | D:1      | Reached XP level 3. HP: 25/25 MP: 5/7
  1141 | D:1      | Found a glowing golden altar of the Shining One.
  1436 | D:2      | Reached skill level 1 in Dodging
  1682 | D:2      | Reached skill level 1 in Conjurations
  1845 | D:2      | Reached skill level 1 in Fighting
  1982 | D:2      | Reached XP level 4. HP: 32/32 MP: 4/8
  2227 | D:2      | Found a faded altar of an unknown god.
  2228 | D:2      | Noticed Jessica
  2233 | D:2      | Killed Jessica
  2348 | D:2      | Noticed Sigmund
  2686 | D:3      | Reached XP level 5. HP: 27/37 MP: 0/10
  2904 | D:3      | Found a runed translucent door.
  2905 | D:3      | Noticed Crazy Yiuf
  2945 | D:3      | Found a transporter.
  2948 | D:3      | Found a transporter.
  2948 | D:3      | Noticed anet's ghost (amateur DEWz)
  2963 | D:3      | Noticed Grinder
  2973 | D:3      | Paralysed by Grinder for 3 turns
  2985 | D:3      | Paralysed by Grinder for 4 turns
  2987 | D:3      | Slain by Grinder

Levels and vault maps discovered:
D:1:      nicolae_arrival_washed_ashore, layout_basic, tso_altar
D:2:      minmay_spotlight, layout_rooms, gammafunk_temple_overflow_pools,
          first_ration, chequers_ecumenical_altar_simple_redux, uniq_jessica,
          uniq_sigmund
D:3:      layout_loops_ring, nicolae_dithmenos_through_a_glass_darkly,
          gammafunk_ghost_arena, uniq_robin, uniq_crazy_yiuf_cottage,
          uniq_grinder

Skill      XL: |  1  2  3 |
---------------+----------+-----
Dodging        | 1 |  1.5
Conjurations   | 1 |  1.4
Fighting       | 1 |  1.4
Shields        | |  1.8
Spellcasting   | |  3.4
Fire Magic     | |  3.4
Ice Magic      | |  2.0
Evocations     | |  1.0

Action                   |  1- 3 |  4- 6 || total
-------------------------+-------+-------++-------
Melee: Club              |    41 |       ||    41
       Short sword       |       |    15 ||    15
Throw: Stone             |    39 |    19 ||    58
 Cast: Flame Tongue      |    45 |    31 ||    76
  Use: Scroll            |     3 |     1 ||     4
 Stab: Sleeping          |     2 |       ||     2
  Eat: Chunk             |     1 |     3 ||     4
       Ration            |     1 |       ||     1
Armor: Robe              |    27 |     1 ||    28
       Leather armour    |       |     3 ||     3
       Ring mail         |       |     9 ||     9
Dodge: Dodged            |    52 |    20 ||    72
Block: Buckler           |    18 |     5 ||    23

Table legend:
 A = Non-vault XP
 B = Vault XP
 C = Vault XP percentage of total XP
 D = Non-vault monster count
 E = Vault monster count
 F = Vault count percentage of total count
                 A         B        C        D         E       F
            +---------+---------+-------+---------+---------+-------
      Total |     109 |      43 |  28.3 |      31 |       5 |  13.9
            +---------+---------+-------+---------+---------+-------
        D:1 |      33 |       0 |   0.0 |      18 |       0 |   0.0
        D:2 |      37 |      43 |  53.8 |      11 |       5 |  31.2
        D:3 |      39 |       0 |   0.0 |       2 |       0 |   0.0
            +---------+---------+-------+---------+---------+-------
